 Dungeon Crawl Stone Soup version 0.29.1-2-gbd0b4ee654 (webtiles) character file.

Game seed: 13052715575083257564

2292 xian the Firebug (level 9, -1/66 HPs)
             Began as a Demonspawn Cinder Acolyte on Nov 2, 2022.
             Was a High Priest of Ignis.
             Succumbed to a killer bee's poison
             ... on level 7 of the Dungeon.
             The game lasted 00:13:44 (7355 turns).

xian the Firebug (Demonspawn Cinder Acolyte)        Turns: 7355, Time: 00:13:44

Health: -1/66      AC:  5    Str: 15 (16) XL:     9   Next: 17%
Magic:  1/16       EV: 11    Int: 21 (24) God:    Ignis [*****.]
Gold:   432        SH:  3    Dex:  5 (8)  Spells: 15/17 levels left

rFire   + . .      SeeInvis .   D - +4 dagger (elec)
rCold   . . .      Faith    .   w - +0 buckler
rNeg    . . .      Spirit   .   E - +0 leather armour {Will+}
rPois   .          Reflect  .   B - +0 helmet
rElec   .          Harm     .   q - scarf {repulsion}
rCorr   .          Rampage  .   s - +0 pair of gloves
Will    +....                   (no boots)
Stlth   ++........              (no amulet)
HPRegen 0.21/turn               v - ring "Ymutoenyxa" {Fly Int+5}
MPRegen 0.15/turn               (no ring)

@: lethally poisoned (-1 -> -11), flying, repel missiles
A: hooves 1, demonic magic 2
a: Renounce Religion, Fiery Armour, Foxfire Swarm, Rising Flame


You were on level 7 of the Dungeon.
You worshipped Ignis.
Ignis was extremely pleased with you.
You visited 1 branch of the dungeon, and saw 7 of its levels.

You collected 432 gold pieces.

Inventory:

Hand Weapons
 m - a +2 shortbow of flaming
 D - a +4 dagger of electrocution (weapon)
Armour
 l - +0 steam dragon scales
 q - a scarf of repulsion (worn)
 s - a +0 pair of gloves (worn)
 w - a +0 buckler (worn)
 B - a +0 helmet (worn)
 E - a +0 leather armour of willpower (worn)
Magical Staves
 b - a staff of cold
Jewellery
 v - the ring "Ymutoenyxa" (left hand) {Fly Int+5}
   (You found it on level 3 of the Dungeon)

   [ring of flight]

   Int:       It affects your intelligence (+5).
   Fly:       It grants you flight.
Wands
 y - a wand of paralysis (6)
 C - a wand of flame (26)
Scrolls
 a - a scroll of magic mapping
 f - a scroll of blinking
 g - 4 scrolls of fear {unknown}
 k - 4 scrolls of immolation
 n - a scroll of enchant weapon
 r - a scroll of amnesia
 t - 2 scrolls of butterflies
 x - 2 scrolls of summoning {unknown}
 F - a scroll of teleportation
Potions
 c - 2 potions of attraction {unknown}
 d - 2 potions of ambrosia {unknown}
 e - 2 potions of heal wounds {unknown}
 h - 3 potions of lignification {unknown}
 i - a potion of might {unknown}
 j - a potion of invisibility {unknown}
 o - 2 potions of curing {unknown}
 p - a potion of cancellation {unknown}
 u - a potion of resistance {unknown}
 z - 2 potions of degeneration
 A - a potion of haste {unknown}


   Skills:
 + Level 4.5 Fighting
 + Level 1.3 Short Blades
 + Level 4.8 Axes
 + Level 1.4 Armour
 + Level 2.5 Dodging
 + Level 3.1 Stealth
 * Level 3.7 Shields
 + Level 4.8 Spellcasting
 * Level 6.6 Fire Magic


You had 15 spell levels left.
You knew the following spells:

 Your Spells              Type           Power      Damage    Failure   Level
a - Scorch                Fire           64%        2d8       1%          2

Your spell library contained the following spells:

 Spells                   Type           Power      Damage    Failure   Level
 Sting                    Tmut/Pois      20%        1d4       19%         1
 Poisonous Vapours        Pois/Air       10%        N/A       26%         2
 Confusing Touch          Hex            5%         N/A       47%         3
 Olgreb's Toxic Radiance  Pois           5%         N/A       87%         4
 Yara's Violent Unravell  Hex/Tmut       2%         3d3       99%         5
 Enfeeble                 Hex            2%         N/A       100%        7


Dungeon Overview and Level Annotations

Branches:
Dungeon (7/15)
 Temple: D:4-7

Altars:

Annotations:
D:5 1 runed translucent door, Icepheonix32's ghost, novice DgNe


Innate Abilities, Weirdness & Mutations

You have large cloven feet.
Spells you cast may paralyse nearby enemies.


Message History

The helpless killer bee fails to defend itself.
You puncture the killer bee!
You kick the killer bee, but do no damage.
The killer bee is severely wounded.
You feel very sick.
The killer bee is no longer paralysed.
The helpless killer bee fails to defend itself.
You puncture the killer bee!
You kill the killer bee!
You feel sick. You block the killer bee's attack.
The helpless killer bee fails to defend itself.
You puncture the killer bee!
You kill the killer bee!
You feel very sick. The killer bee stings you.
* * * LOW HITPOINT WARNING * * *
You block the killer bee's attack.
You are too injured to fight recklessly!
Casting: Scorch (safe; 1% risk of failure)
Press: ? - help, Q - select action, (/) - cycle Dir - look around, f - activate Flames lash the killer bee.
The killer bee is severely wounded.
The killer bee's fire resistance burns away.
Malevolent energies surge around you.
You feel sick. The killer bee closely misses you. x2
You miss the killer bee. Your kick misses the killer bee.
The killer bee is severely wounded.
You feel sick. The killer bee stings you!
* * * LOW HITPOINT WARNING * * *
The killer bee stings you but does no damage.
You closely miss the killer bee. Your kick misses the killer bee.
The killer bee is severely wounded.
You feel sick. The killer bee stings you.
* * * LOW HITPOINT WARNING * * *
You are more poisoned.
The killer bee poisons you! The killer bee barely misses you.
It was a potion of degeneration.
There was something very wrong with that liquid.
You feel weakened.
You feel dopey.
You feel clumsy.
You die...

#######.......#####...###....†⌠.≈
# #.........#####...# ##.#....≈
#.....#.####....### ####....
#.....#..# #....# ####.
########.###....# ##.. #..?'.(..#
##... #### #####....# #~... ....
#....# #~..# ###. #@#### #~.##
..# #†y# #≈... #.# ##....y# ##~..
#.# #####.yy# #~.⌠ ..# y. #≈≈.
### ##≈~ ###


You could see a killer bee (combustible).

Vanquished Creatures
  Sigmund (D:3)
  A wyvern (D:7)
  2 steam dragons (D:7)
  A water moccasin (D:6)
  2 sky beasts (D:6)
  2 ogres
  3 centaurs
  A bullfrog (D:7)
  A necrophage (D:6)
  A scorpion (D:4)
  3 wights (D:7)
  6 killer bees (D:7)
  A howler monkey (D:4)
  3 hounds
  A jelly (D:5)
  Ijyb (D:4)
  2 iguanas
  4 gnolls (D:2)
  7 adders
  A white imp (D:6)
  An ufetubus (D:4)
  A worm (D:3)
  5 dart slugs
  13 orcs
  4 bats
  7 endoplasms
  4 giant cockroaches
  7 goblins
  4 hobgoblins
  8 jackals (D:2)
  8 kobolds
  4 quokkas
  4 ball pythons
  6 frilled lizards
  7 rats
127 creatures vanquished.

Notes
Turn   | Place    | Note
-------+----------+-------------------------------------------
     0 | D:1      | xian the Demonspawn Cinder Acolyte began the quest for the
                  | Orb.
     0 | D:1      | Reached XP level 1. HP: 18/18 MP: 2/2
   368 | D:1      | Gained mutation: You have large cloven feet. [demonic
                  | ancestry]
   368 | D:1      | Reached XP level 2. HP: 16/24 MP: 3/3
   567 | D:1      | Reached skill level 3 in Fire Magic
   922 | D:1      | Reached XP level 3. HP: 26/29 MP: 4/4
  1679 | D:2      | Found a faded altar of an unknown god.
  1700 | D:2      | Reached XP level 4. HP: 31/37 MP: 5/5
  1905 | D:2      | Reached skill level 1 in Dodging
  2620 | D:3      | Reached XP level 5. HP: 30/42 MP: 6/6
  2722 | D:3      | Noticed Sigmund
  2734 | D:3      | Killed Sigmund
  2735 | D:3      | Gained mutation: Spells you cast may paralyse adjacent
                  | enemies. [demonic ancestry]
  2735 | D:3      | Reached XP level 6. HP: 42/49 MP: 7/7
  2861 | D:3      | Identified the ring "Ymutoenyxa" {Fly Int+5}
  2884 | D:3      | Learned a level 2 spell: Scorch
  4424 | D:4      | Noticed Ijyb
  4435 | D:4      | Killed Ijyb
  4436 | D:4      | Reached skill level 1 in Stealth
  4785 | D:5      | Entered Level 5 of the Dungeon
  4961 | D:5      | Reached skill level 1 in Shields
  4961 | D:5      | Reached XP level 7. HP: 55/55 MP: 3/10
  5123 | D:5      | Reached skill level 4 in Fire Magic
  5209 | D:5      | Found a runed translucent door.
  5213 | D:5      | Noticed Icepheonix32's ghost (novice DgNe)
  5213 | D:5      | Noticed a wyvern
  5993 | D:6      | Reached skill level 1 in Armour
  5993 | D:6      | Gained mutation: Spells you cast may paralyse nearby
                  | enemies. [demonic ancestry]
  5993 | D:6      | Reached XP level 8. HP: 58/61 MP: 7/12
  6459 | D:6      | Reached skill level 1 in Short Blades
  6459 | D:6      | Reached skill level 5 in Fire Magic
  6893 | D:7      | Reached skill level 6 in Fire Magic
  7185 | D:7      | Reached XP level 9. HP: 49/66 MP: 6/15
  7354 | D:7      | HP: 2/66 [killer bee (5)]
  7355 | D:7      | Succumbed to a killer bee's poison

Illustrated notes

Levels and vault maps discovered:
D:1:      ebering_trefoil_twist, layout_loops_ring, minivault_23,
          grunt_decor_one_mirror
D:2:      layout_loops_ring, basic_ecumenical_altar, kennysheep_generic_room_14
D:3:      layout_basic, hangedman_decor_opposing, uniq_sigmund
D:4:      layout_gridville, elyvilon_altar_5, minmay_box_of_dots, uniq_ijyb
D:5:      layout_rooms, ebering_ghost_inner_flame
D:6:      layout_loops_ring
D:7:      cheibrodos_steamvent, layout_basic, minmay_temple_entry_hall

Skill      XL: |  1  2  3  4  5  6  7  8 |
---------------+-------------------------+-----
Axes           | 3 4 |  4.8
Fire Magic     | 3 4 6 |  6.6
Dodging        | 1 2 |  2.5
Fighting       | 4 |  4.5
Stealth        | 1 2 3 |  3.1
Spellcasting   | 2 3 4 |  4.8
Shields        | 1 2 3 |  3.7
Armour         | 1 |  1.4
Short Blades   | 1 |  1.3

Action                   |  1- 3 |  4- 6 |  7- 9 || total
-------------------------+-------+-------+-------++-------
Melee: Hand axe          |   125 |    84 |       ||   209
       Punch             |     1 |       |       ||     1
       Kick              |    16 |    21 |    10 ||    47
       Dagger            |       |    12 |    43 ||    55
 Cast: Scorch            |       |    34 |    64 ||    98
Invok: Fiery Armour      |     1 |     2 |       ||     3
  Use: Scroll            |       |     5 |     5 ||    10
       Potion            |       |       |     1 ||     1
 Stab: Paralysed         |       |    13 |    19 ||    32
       Sleeping          |       |       |     1 ||     1
Armor: Robe              |    45 |    17 |       ||    62
       Leather armour    |       |       |    11 ||    11
Dodge: Dodged            |    74 |    50 |    42 ||   166
       Repelled          |       |     3 |     1 ||     4
Block: Buckler           |       |     4 |    10 ||    14
